 Dungeon Crawl Stone Soup version 0.26-a0-1129-gc5df7fbe6a (webtiles) character file.

Game seed: 8401074879346529520

435 Gypyx the Chopper (level 6, 0/56 HPs)
             Began as a Minotaur Fighter on Dec 17, 2020.
             Was an Initiate of Okawaru.
             Slain by a gnoll
             ... wielding a +0 halberd
              (13 damage)
             ... on level 5 of the Dungeon on Dec 18, 2020.
             The game lasted 00:38:18 (3293 turns).

Gypyx the Chopper (Minotaur Fighter)                Turns: 3293, Time: 00:38:19

Health: 0/56       AC:  9    Str: 28    XL:     6   Next: 68%
Magic:  5/5        EV:  7    Int:  5    God:    Okawaru [......]
Gold:   147        SH: 10    Dex: 10    Spells: 5/5 levels left

rFire    . . .     SeeInvis .   a - +0 war axe
rCold    . . .     Faith    .   c - +0 kite shield
rNeg     . . .     Spirit   .   i - +0 chain mail
rPois    .         Reflect  .   (helmet restricted)
rElec    .         Harm     .   (no cloak)
rCorr    .         Rampage  .   (no gloves)
Will     .....                  (no boots)
Stlth    ..........             (no amulet)
HPRegen  0.18/turn              o - +6 ring of strength
MPRegen  0.09/turn              y - ring of stealth

@: no status effects
A: retaliatory headbutt, horns 2
a: Renounce Religion


You were on level 5 of the Dungeon.
You worshipped Okawaru.
Okawaru was noncommittal.
You visited 1 branch of the dungeon, and saw 5 of its levels.

You collected 147 gold pieces.

Inventory:

Hand Weapons
 a - a +0 war axe (weapon)
 k - a +0 dagger of speed
 t - a +0 short sword
 w - a +0 hunting sling
Missiles
 u - 7 javelins (quivered)
Armour
 b - a +0 scale mail
 c - a +0 kite shield (worn)
 i - a +0 chain mail (worn)
 j - the cursed +1 ring mail of Valour {MP+9 Str+3, unknown}
   (You found it on level 4 of the Dungeon)

   It affects your strength (+3).
   It affects your magic capacity (+9).
   It has a curse placed upon it.
 A - a +2 robe of fire resistance
Jewellery
 o - a +6 ring of strength (left hand)
 y - a ring of stealth (right hand)
Wands
 h - a wand of acid (8)
Scrolls
 e - a scroll of enchant weapon {unknown}
 f - a scroll of amnesia {unknown}
 l - 3 scrolls of identify
 q - a scroll of magic mapping
 s - 2 scrolls of teleportation
 x - a scroll of immolation {unknown}
Potions
 d - a potion of ambrosia {unknown}
 g - a potion of resistance {unknown}
 m - a potion of berserk rage
 n - 2 potions of haste
 p - 2 potions of flight
 r - a potion of heal wounds {unknown}
 v - a potion of might
 z - a potion of curing {unknown}


   Skills:
 * Level 5.1 Fighting
 + Level 5.8 Axes
 + Level 5.1 Armour
 + Level 2.0 Dodging
 - Level 4.6 Shields


You had 5 spell levels left.
You didn't know any spells.
Your spell library contained the following spells:

 Spells                   Type           Power        Failure   Level
 Foxfire                  Conj/Fire      0%           100%        1
 Conjure Flame            Conj/Fire      0%           100%        3
 Inner Flame              Hex/Fire       0%           100%        3
 Sticky Flame             Conj/Fire      0%           100%        4
 Fireball                 Conj/Fire      0%           100%        5


Dungeon Overview and Level Annotations

Branches:
Dungeon (5/15)
 Temple: D:4-7

Altars:
Cheibriados
Okawaru
Sif Muna

Annotations:
D:4 3 runed translucent doors, MoonlitKnight's ghost, amateur HOMo


Innate Abilities, Weirdness & Mutations

You reflexively headbutt those who attack you in melee.
You have a pair of horns on your head.


Message History

The ice beast is lightly wounded.
The gnoll closely misses you.
The ice beast hits you but does no damage.
You hit the ice beast. You headbutt the ice beast.
The ice beast is moderately wounded.
You miss the frilled lizard. The frilled lizard bites you.
* * * LOW HITPOINT WARNING * * *
You block the ice beast's attack. The gnoll barely misses you.
The frilled lizard bites you but does no damage.
You block the frilled lizard's attack.
A worm comes into view.
An orc comes into view.
The orc shouts!
Found a marble ring.
An ooze comes into view.
You slash the frilled lizard!
You kill the frilled lizard!
Okawaru accepts your kill.
The gnoll hits you from afar with a +0 halberd!
You die...

,*,,*,,*,,********,,,,,,**,,,***
,,*,*,*,,,* *,,,*..,,,*,,,***
,,,***,,,,###* **,**#.,,,∩,,,,,,*
******##**,..##*,,*..,,,*,,,,,,,*
,,,,,*#.,,,,..#,,,,.#**,,,*,,**,*
,,..,,#..,,,#.#*,,..# *,8,*,,*8,*
,,...,*#.####J##*#..###.,,,,,,,,*
,,...#*#.......##.......,,,,,,,**
,.##..##.#...BoY@.......,,,,,,,,,
..............g##.......,,,,,*,,,
......(.................,,,,****,
...........#.#.##.......,,,,**,,,
.......#..####.#*##.=...,,,,,,*,,
.........## *...,,,.....,,,,,,,,,
.......#..# *##..,*,....,,,*,,,,,
......##†## *,,..#**....,,,**,,,,
....#.....# *,,,.# *,,,,,,,*,,,,,


You could see an ice beast, a gnoll, an ooze, an orc and a giant cockroach.

Vanquished Creatures
  Duvessa (D:4)
  Dowan (D:4)
  2 orc wizards (D:3)
  A worker ant (D:4)
  3 gnolls (D:2)
  7 adders
  A river rat (D:4)
  2 ufetubi
  2 worms
  2 leopard geckos
  13 orcs
  A ball python (D:3)
  6 bats
  4 giant cockroaches
  6 goblins
  5 hobgoblins
  6 jackals
  9 kobolds
  4 quokkas
  4 frilled lizards
  A jackal skeleton (D:4)
  2 rats (D:4)
83 creatures vanquished.

Notes
Turn   | Place    | Note
-------+----------+-------------------------------------------
     0 | D:1      | Gypyx the Minotaur Fighter began the quest for the Orb.
     0 | D:1      | Reached XP level 1. HP: 19/19 MP: 0/0
   138 | D:2      | Reached XP level 2. HP: 23/27 MP: 1/1
   246 | D:2      | Reached XP level 3. HP: 5/33 MP: 2/2
   497 | D:2      | Found an iron altar of Okawaru.
   560 | D:2      | Upgraded the game from 0.26-a0-1126-g3318b609a0 to
                  | 0.26-a0-1129-gc5df7fbe6a
   560 | D:2      | Became a worshipper of Warmaster Okawaru
   608 | D:2      | Reached XP level 4. HP: 33/40 MP: 3/3
   616 | D:2      | Reached skill level 1 in Dodging
   934 | D:2      | Found a shimmering blue altar of Sif Muna.
  1201 | D:3      | Reached XP level 5. HP: 24/47 MP: 4/4
  1818 | D:4      | Found a runed translucent gate.
  1821 | D:4      | Found a runed translucent gate.
  1830 | D:4      | Found a runed translucent gate.
  1835 | D:4      | Noticed MoonlitKnight's ghost (amateur HOMo)
  2153 | D:4      | Noticed Duvessa
  2153 | D:4      | Noticed Dowan
  2415 | D:4      | Killed Dowan
  2416 | D:4      | Reached skill level 5 in Axes
  2416 | D:4      | Reached XP level 6. HP: 55/55 MP: 5/5
  2422 | D:4      | Killed Duvessa
  2423 | D:4      | Reached skill level 5 in Fighting
  2699 | D:4      | Got a polished ring mail
  2873 | D:4      | Reached skill level 5 in Armour
  3210 | D:4      | Found a snail-covered altar of Cheibriados.
  3253 | D:5      | Entered Level 5 of the Dungeon
  3262 | D:5      | Noticed an ice beast
  3293 | D:5      | Slain by a gnoll

Illustrated notes

Levels and vault maps discovered:
D:1:      dpeg_arrival_fog, layout_loops_corners
D:2:      layout_rooms, okawaru_trees_2, nicolae_overflow_crystal_walls
D:3:      layout_loops_cross
D:4:      layout_loops_ring, kennysheep_little_box, gup_sewer_entry_bubbles,
          ebering_ghost_rock_garden, uniq_duvessa
D:5:      layout_cave_pools, lightli_ossuary_entry_decrepit_ruins,
          hangedman_decor_diamond_cutter

Skill      XL: |  1  2  3  4  5  6 |
---------------+-------------------+-----
Armour         | 4 5 |  5.1
Fighting       | 4 5 |  5.1
Shields        | 4 |  4.6
Axes           | 3 4 5 |  5.8
Dodging        | 1 2 |  2.0

Action                   |  1- 3 |  4- 6 || total
-------------------------+-------+-------++-------
Melee: War axe           |    56 |   199 ||   255
       Headbutt          |     7 |    40 ||    47
Evoke: Wand              |       |     1 ||     1
  Use: Scroll            |     4 |     5 ||     9
       Potion            |     2 |     3 ||     5
 Stab: Distracted        |       |     1 ||     1
Armor: Scale mail        |    36 |    41 ||    77
       Chain mail        |       |    42 ||    42
Dodge: Dodged            |    23 |    51 ||    74
Block: Kite shield       |    39 |   117 ||   156

Table legend: (Time is in decaauts)
 A = Elapsed time spent in this place.
 B = Non-inter-level travel time spent in this place.
 C = Inter-level travel time spent in this place.
 D = Time resting spent in this place.
 E = Time spent auto-exploring this place.
 F = Levels seen in this place.
 G = Mean time per level.
                   A        B        C        D        E       F      G
               +--------+--------+--------+--------+--------+-----+--------+
         Total |   3401 |   3401 |      0 |    976 |    178 |   5 |  680.2 |
       Dungeon |   3401 |   3401 |      0 |    976 |    178 |   5 |  680.2 |
               +--------+--------+--------+--------+--------+-----+--------+

Top non-repeatable levels by time:
     D:4: 1492 daAuts
     D:2: 1042 daAuts
     D:3: 690 daAuts
     D:1: 132 daAuts
     D:5: 43 daAuts
